 Dungeon Crawl Stone Soup version 0.26-a0-180-ge96aa7da28 (webtiles) character file.

Game seed: 10607849538126289695

8253 MalarOregon the Destroyer (level 11, 0/92 HPs)
             Began as a Green Draconian Conjurer on July 3, 2020.
             Was a Believer of Makhleb.
             Slain by a merfolk
             ... wielding a +0 trident
              (8 damage)
             ... on level 10 of the Dungeon on July 4, 2020.
             The game lasted 00:43:39 (15419 turns).

MalarOregon the Destroyer (DrCj)                   Turns: 15419, Time: 00:43:40

Health: 0/92       AC: 11    Str: 11    XL:     11   Next: 7%
Magic:  22/22      EV: 15    Int: 19    God:    Makhleb [**....]
Gold:   490        SH:  0    Dex: 11    Spells: 19/24 levels left

rFire    . . .     SeeInvis .   a - +3 dagger (freeze)
rCold    . . .     Faith    +   (no shield)
rNeg     . . .     Spirit   .   (armour unavailable)
rPois    +         Reflect  .   H - +1 hat
rElec    .         Harm     .   (no cloak)
rCorr    .                      p - +1 pair of gloves
MR       .....                  v - +0 pair of boots
Stlth    ++........             d - amulet of faith {!P}
HPRegen  0.25/turn              l - ring of wizardry
MPRegen  0.18/turn              (no ring)

@: no status effects
A: breathe noxious fumes, unfitting armour, poison resistance, cold-blooded, AC
+7
a: Breathe Noxious Fumes, Minor Destruction, Renounce Religion


You were on level 10 of the Dungeon.
You worshipped Makhleb.
Makhleb was pleased with you.
You were not hungry.

You visited 2 branches of the dungeon, and saw 11 of its levels.

You collected 553 gold pieces.
You spent 63 gold pieces at shops.

Inventory:

Hand Weapons
 a - a +3 dagger of freezing (weapon)
   (You took it off an orc on level 3 of the Dungeon)
 f - a +2 whip of flaming
   (You took it off Pikel on level 4 of the Dungeon)
 s - a +1 dagger of speed
   (You took it off an orc wizard on level 6 of the Dungeon)
 y - a +1 dagger of draining
   (You took it off Dowan on level 7 of the Dungeon)
 z - a +0 falchion of holy wrath
   (You took it off an orc on level 7 of the Dungeon)
 I - a +2 rapier of venom
   (You took it off a spriggan on level 9 of the Dungeon)
Armour
 p - a +1 pair of gloves (worn)
   (You found it on level 7 of the Dungeon)
 v - a +0 pair of boots (worn)
   (You bought it in a shop on level 7 of the Dungeon)
 H - a +1 hat (worn)
   (You found it on level 9 of the Dungeon)
Jewellery
 d - an amulet of faith (around neck) {!P}
   (You found it on level 6 of the Dungeon)
 l - a ring of wizardry (left hand)
   (You found it on level 2 of the Dungeon)
 w - an uncursed amulet of reflection {unknown}
   (You found it on level 7 of the Dungeon)
 A - an uncursed ring of stealth {unknown}
   (You found it on level 8 of the Dungeon)
Wands
 c - a wand of disintegration (2)
   (You found it on level 6 of the Dungeon)
 x - a wand of clouds (6)
   (You found it on level 9 of the Dungeon)
 C - a wand of polymorph (1)
   (You took it off Erica on level 8 of the Dungeon)
Scrolls
 h - 8 scrolls of teleportation {@r4}
 i - 7 scrolls of identify {@r1}
 n - a scroll of fog
 o - 2 scrolls of remove curse {@r2}
 t - 3 scrolls of immolation {!r}
 B - 2 scrolls of enchant weapon
 D - a scroll of vulnerability {unknown}
 E - a scroll of magic mapping {unknown}
 F - a scroll of random uselessness {unknown}
Potions
 b - 4 potions of brilliance {unknown}
 g - a potion of lignification {unknown}
 j - 4 potions of flight {unknown}
 k - 3 potions of degeneration {unknown}
 m - 3 potions of curing {@q1}
 q - 2 potions of magic
 r - 2 potions of heal wounds {@q2}
 u - a potion of haste {unknown}
 G - a potion of invisibility {unknown}
Comestibles
 e - 14 rations {!d}


   Skills:
 + Level 7.4 Fighting
 * Level 7.4 Dodging
 - Level 1.7 Stealth
 * Level 7.4 Spellcasting
 * Level 8.9 Conjurations
 * Level 6.4 Hexes
 + Level 3.9 Invocations


You had 19 spell levels left.
You knew the following spells:

 Your Spells              Type           Power        Failure   Level  Hunger
a - Magic Dart            Conj           ####         1%          1    None
z - Fulminant Prism       Conj/Hex       #####.....   1%          4    ###....

Your spell library contained the following spells:

 Spells                   Type           Power        Failure   Level  Hunger
 Corona                   Hex            ####...      1%          1    None
 Ensorcelled Hibernation  Hex/Ice        ###...       1%          2    None
 Searing Ray              Conj           #####.       1%          2    None
 Confusing Touch          Hex            ####....     1%          3    #......
 Dazzling Flash           Conj/Hex       #####.       1%          3    #......
 Tukima's Dance           Hex            ####....     1%          3    #......
 Mephitic Cloud           Conj/Pois/Air  ###.....     3%          3    #......
 Sting                    Tmut/Pois      #...         4%          1    None
 Poisonous Vapours        Pois/Air       #.....       6%          2    None
 Iskenderun's Mystic Bla  Conj/Tloc      ###.....     6%          4    ###....
 Ignite Poison            Fire/Tmut/Pois #.......     12%         3    #......
 Olgreb's Toxic Radiance  Pois           #.......     34%         4    ###....


Dungeon Overview and Level Annotations

Branches:
Dungeon (10/15)            Temple (1/1) D:5            Lair (0/6) D:8
    Orc: D:9-12

Altars:
Ashenzari
Cheibriados
Dithmenos
Elyvilon
Fedhas
Gozag
Hepliaklqana
Kikubaaqudgha
Makhleb
Nemelex Xobeh
Okawaru
Qazlal
Ru
Sif Muna
Trog
Uskayaw
Vehumet
Wu Jian
Xom
Yredelemnul
Zin
The Shining One

Shops:
D:7 [

Annotations:
D:6 2 transporters
D:10 Erolcha


Innate Abilities, Weirdness & Mutations

You can breathe blasts of noxious fumes.
Your lurid green scales are hard. (AC +7)
You cannot fit into any form of body armour.
Your system is resistant to poisons. (rPois)
You are cold-blooded and may be slowed by cold attacks.


Message History

You start resting.
You start resting.
You climb downwards.
Level annotation: Erolcha 4 yaks, a jelly, a spriggan and a merfolk come into view.
The spriggan is wielding a +2 rapier of venom.
The spriggan shouts!
The merfolk shouts!
The yak bellows! x2
You hear a bellow!
A yak comes into view.
The spriggan barely misses you.
The yak bellows!
Found a ration.
There is a stone staircase leading up here.
The merfolk closely misses you. The spriggan closely misses you.
You climb upwards.
There is a stone staircase leading down here.
The floor.
You conjure a prism of explosive energy!
A fulminant prism comes into view.
The spriggan completely misses you.
You hit the spriggan. You freeze the spriggan.
The spriggan hits you with a +2 rapier of venom!
Your fulminant prism crackles loudly.
You miss the spriggan. The spriggan barely misses you.
The blast of energy engulfs the spriggan!!
You kill the spriggan!
Makhleb accepts your kill.
You feel better.
Things that are here:
a +2 rapier of venom; a cursed +0 robe There isn't anything to butcher here.
I - a +2 rapier of venom
Okay, then.
You start resting.
There is a stone staircase leading down, spattered with blood here.
You climb downwards.
Level annotation: Erolcha The merfolk hits you from afar with a +0 trident.
The yak gores you! x3
The merfolk hits you from afar with a +0 trident!
* * * LOW HITPOINT WARNING * * *
There is a stone staircase leading up, spattered with blood here.
Unknown command.
The yak gores you!
* * * LOW HITPOINT WARNING * * *
The yak closely misses you. x2; The yak gores you!
* * * LOW HITPOINT WARNING * * *
The jelly hits you but does no damage.
The merfolk hits you from afar with a +0 trident!
You die...

.....#%.....#
#...........#
#............
#+#............
.............#
.............#
.............#
......Y@Y.#
......JYY.#
.....##m..#
###. ##Y.# ..
..# #. #.. .
..# ...


You could see a merfolk, 5 yaks and a jelly.

Vanquished Creatures
  Erica (D:8)
  2 two-headed ogres (D:9)
  Pikel (D:4)
  A troll (D:9)
  Prince Ribbit (D:8)
  2 hippogriffs
  A spriggan (D:9)
  3 yaks
  Eustachio (D:6)
  A hungry ghost (D:8)
  A steam dragon (D:10)
  2 wargs (D:8)
  Duvessa (D:7)
  2 ice beasts
  2 phantoms
  2 orc warriors
  2 black bears
  4 ogres
  4 centaurs
  5 bullfrogs
  A water moccasin zombie (D:9)
  Dowan (D:7)
  A scorpion (D:9)
  A wyvern skeleton (D:9)
  9 wights
  4 howler monkeys
  4 hounds
  2 jellies (D:7)
  A bullfrog skeleton (D:6)
  6 orc priests
  A centaur skeleton (D:8)
  11 orc wizards
  3 iguanas
  6 worker ants
  A hound zombie (D:8)
  14 adders
  7 gnolls
  2 shadow imps
  4 white imps
  2 oozes
  2 adder skeletons
  An adder zombie (D:8)
  4 worms
  4 dart slugs
  4 leopard geckos
  28 orcs
  3 giant cockroaches
  4 hobgoblins
  8 jackals
  8 quokkas
  A ball python (D:3)
  10 bats
  5 frilled lizards
  16 goblins
  A jackal skeleton (D:6)
  6 kobolds
  A quokka skeleton (D:4)
  A quokka zombie (D:6)
  11 rats
238 creatures vanquished.

Vanquished Creatures (others)
  A human (D:2)
  A jackal (D:8)
  80 fulminant prisms
82 creatures vanquished.

Grand Total: 320 creatures vanquished

Notes
Turn   | Place    | Note
-------+----------+-------------------------------------------
     0 | D:1      | MalarOregon the Draconian Conjurer began the quest for the
                  | Orb.
     0 | D:1      | Reached XP level 1. HP: 14/14 MP: 3/3
   261 | D:1      | Reached XP level 2. HP: 9/22 MP: 0/5
   640 | D:1      | Reached skill level 1 in Fighting
  1312 | D:1      | Reached XP level 3. HP: 13/28 MP: 1/6
  2251 | D:2      | Reached XP level 4. HP: 36/36 MP: 3/7
  2387 | D:2      | Found a faded altar of an unknown god.
  2467 | D:2      | Found an ancient bone altar of Kikubaaqudgha.
  2467 | D:2      | Noticed a human
  2470 | D:2      | Killed a human
  3217 | D:3      | Reached XP level 5. HP: 41/42 MP: 3/9
  4311 | D:4      | Noticed a phantom
  4373 | D:3      | Reached skill level 5 in Conjurations
  4532 | D:3      | Learned a level 4 spell: Fulminant Prism
  4834 | D:3      | Reached XP level 6. HP: 35/51 MP: 2/10
  5674 | D:4      | Reached skill level 1 in Hexes
  5994 | D:4      | Your scales start taking on a lurid green colour.
  5994 | D:4      | Reached XP level 7. HP: 14/58 MP: 1/12
  5994 | D:4      | Gained mutation: Your system is resistant to poisons.
                  | (rPois) [Green Draconian growth]
  6237 | D:5      | Entered Level 5 of the Dungeon
  6464 | D:4      | You fall into a shaft and drop 2 floors!
  6493 | D:5      | Noticed Pikel
  6541 | D:5      | Noticed a hippogriff
  7029 | D:5      | Killed a hippogriff
  7438 | D:5      | Reached XP level 8. HP: 49/67 MP: 1/14
  7536 | D:4      | Killed Pikel
  7536 | D:4      | Reached skill level 5 in Fighting
  7536 | D:4      | Reached skill level 6 in Conjurations
  7976 | D:5      | Reached skill level 5 in Spellcasting
  8033 | D:5      | Found a glowing silver altar of Zin.
  8341 | D:5      | Found a staircase to the Ecumenical Temple.
  8345 | D:5      | You fall into a shaft and drop 2 floors!
  8433 | D:7      | Reached skill level 5 in Dodging
  9023 | D:6      | Reached XP level 9. HP: 72/75 MP: 14/16
  9356 | D:6      | Found a transporter.
  9383 | D:6      | Reached skill level 7 in Conjurations
  9644 | D:6      | Found a transporter.
  9733 | D:6      | Noticed Eustachio
  9770 | D:6      | Killed Eustachio
 10527 | Temple   | Entered the Ecumenical Temple
 10612 | Temple   | Became a worshipper of Makhleb the Destroyer
 10913 | D:7      | Found an ancient bone altar of Kikubaaqudgha.
 11235 | D:7      | Found Eroic's Armour Emporium.
 11251 | D:7      | Bought a +0 pair of boots for 63 gold pieces
 11298 | D:7      | Noticed Duvessa
 11305 | D:7      | Noticed Dowan
 11312 | D:7      | Killed Dowan
 11312 | D:7      | Reached skill level 1 in Invocations
 11314 | D:7      | Killed Duvessa
 11737 | D:8      | Noticed Psyche
 11775 | D:8      | Noticed Prince Ribbit
 11792 | D:8      | Killed Prince Ribbit
 11795 | D:8      | Noticed Erica
 11956 | D:8      | Reached * piety under Makhleb
 12087 | D:8      | Found a sand-covered staircase.
 12097 | D:8      | Reached skill level 5 in Hexes
 12442 | D:8      | Reached XP level 10. HP: 50/84 MP: 6/19
 12946 | D:8      | Found a staircase to the Lair.
 13062 | D:8      | Killed Erica
 13062 | D:8      | Reached skill level 8 in Conjurations
 13501 | D:8      | Reached ** piety under Makhleb
 13713 | D:8      | Noticed Psyche
 13713 | D:8      | Psyche changed into Psyche the ice beast
 14054 | D:9      | Noticed a two-headed ogre
 14392 | D:8      | Killed Psyche the ice beast
 14814 | D:9      | Killed a two-headed ogre
 15010 | D:10     | Entered Level 10 of the Dungeon
 15010 | D:10     | Noticed a two-headed ogre
 15063 | D:9      | Killed a two-headed ogre
 15063 | D:9      | Reached XP level 11. HP: 92/92 MP: 6/22
 15258 | D:10     | Noticed Erolcha
 15419 | D:10     | Slain by a merfolk

Illustrated notes

Levels and vault maps discovered:
D:1:      sevenhm_arrival_forest_fort_small_4, layout_loops_ring
D:2:      layout_rooms, chequers_ecumenical_altar_grove,
          mrwooster_statue_mirror, tgw_kikubaaqudgha
D:3:      layout_basic
D:4:      layout_cave_pools, first_ration
D:5:      layout_gridville, minmay_temple_entry_grid, basic_altar, uniq_pikel
D:6:      gammafunk_cloud_chamber, layout_cave_pods, uniq_eustachio
D:7:      layout_basic, lemuel_round_altar, serial_shops,
          nicolae_shop_statue_plus, uniq_duvessa
D:8:      layout_loops_ring, erik_lair_orcish_takeover,
          nicolae_ossuary_entry_monument, uniq_erica, uniq_prince_ribbit1,
          uniq_psyche
D:9:      layout_big_octagon, enter_bailey_6, serial_glass, glass_columns_c,
          glass_columns_a, glass_columns_b, glass_columns_b, glass_columns_b,
          glass_columns_a
D:10:     layout_basic, david_orc_3, hangedman_stone_soup, uniq_erolcha
Temple:   grunt_wide_crystal_templ

Skill      XL: |  1  2  3  4  5  6  7  8  9 10 |
---------------+-------------------------------+-----
Dodging        | 2 3 4 5 6 7 |  7.4
Fighting       | 1 2 3 4 5 6 7 |  7.4
Spellcasting   | 3 4 5 6 7 |  7.4
Conjurations   | 5 6 7 8 |  8.9
Hexes          | 1 2 3 5 6 |  6.4
Invocations    | 2 3 |  3.9
Stealth        | |  1.7

Action                   |  1- 3 |  4- 6 |  7- 9 | 10-12 || total
-------------------------+-------+-------+-------+-------++-------
Melee: Unarmed           |     6 |       |       |       ||     6
       Dagger            |    33 |    38 |   232 |   177 ||   480
       Tailslap          |     4 |     5 |    28 |    28 ||    65
       Whip              |       |       |    26 |    11 ||    37
       Falchion          |       |       |     8 |    19 ||    27
Throw: Throwing net      |       |       |     1 |       ||     1
 Cast: Magic Dart        |    89 |   213 |   121 |    18 ||   441
       Fulminant Prism   |       |       |    43 |    37 ||    80
 Abil: Breathe Noxious F |       |       |     6 |     2 ||     8
Evoke: Wand              |       |       |       |    13 ||    13
  Use: Potion            |     1 |       |       |     4 ||     5
       Scroll            |       |     1 |     8 |     3 ||    12
 Stab: Sleeping          |       |       |       |     1 ||     1
  Eat: Chunk             |     4 |    11 |    21 |    17 ||    53
       Ration            |       |       |     2 |     2 ||     4
Armor: Skin              |    15 |    18 |   103 |    98 ||   234
Dodge: Dodged            |    35 |    55 |   189 |   235 ||   514
       Rpst.: Falchion   |       |       |     1 |     5 ||     6

Table legend:
 A = Non-vault XP
 B = Vault XP
 C = Vault XP percentage of total XP
 D = Non-vault monster count
 E = Vault monster count
 F = Vault count percentage of total count
                 A         B        C        D         E       F
            +---------+---------+-------+---------+---------+-------
      Total |    8526 |    3264 |  27.7 |     222 |      17 |   7.1
            +---------+---------+-------+---------+---------+-------
        D:1 |      54 |       0 |   0.0 |      25 |       0 |   0.0
        D:2 |      70 |       0 |   0.0 |      20 |       0 |   0.0
        D:3 |     233 |       0 |   0.0 |      39 |       0 |   0.0
        D:4 |     644 |     685 |  51.5 |      27 |       1 |   3.6
        D:5 |     664 |       0 |   0.0 |      18 |       0 |   0.0
        D:6 |     782 |     196 |  20.0 |      23 |       1 |   4.2
        D:7 |     739 |     217 |  22.7 |      18 |       2 |  10.0
        D:8 |    1553 |    1951 |  55.7 |      33 |      12 |  26.7
        D:9 |    3433 |     215 |   5.9 |      16 |       1 |   5.9
       D:10 |     354 |       0 |   0.0 |       3 |       0 |   0.0
            +---------+---------+-------+---------+---------+-------
